 Dungeon Crawl Stone Soup version 0.29-a0-1019-g84f7d21838 (webtiles) character file.

Game seed: 17032930153485116927

748 IdlyInterested the Cutter (level 7, -2/54 HPs)
             Began as a Demonspawn Gladiator on Aug 10, 2022.
             Slain by Duvessa
             ... wielding a +2 short sword of protection
              (4 damage)
             ... on level 4 of the Dungeon.
             The game lasted 00:08:34 (4139 turns).

IdlyInterested the Cutter (Demonspawn Gladiator)    Turns: 4139, Time: 00:08:35

Health: -2/54      AC:  7    Str: 14    XL:     7   Next: 48%
Magic:  7/7        EV: 11    Int:  9    God:
Gold:   171        SH:  4    Dex: 17    Spells: 6/6 levels left

rFire   . . .      SeeInvis .   j - +1 short sword (flame)
rCold   + . .      Faith    .   (no shield)
rNeg    . . .      Spirit   .   o - +0 ring mail
rPois   +          Reflect  .   c - +0 helmet
rElec   .          Harm     .   f - +0 cloak
rCorr   .          Rampage  .   (no gloves)
Will    .....      Rage     3%  (no boots)
Stlth   +.........              (no amulet)
HPRegen 0.18/turn               (no ring)
MPRegen 0.10/turn               (no ring)

@: mighty, flying
A: large bone plates 1, powered by pain 1, demonic touch 1, berserk 1, cold
resistance 1, poison resistance, MP-powered wands
a: no special abilities


You were on level 4 of the Dungeon.
You visited 1 branch of the dungeon, and saw 4 of its levels.

You collected 171 gold pieces.

Inventory:

Hand Weapons
 a - a +1 rapier
 j - a +1 short sword of flaming (weapon)
Missiles
 d - 2 throwing nets
 e - a javelin
 i - 6 poisoned darts (quivered)
 p - 6 boomerangs
Armour
 b - a +0 leather armour
 c - a +0 helmet (worn)
 f - a +0 cloak (worn)
 o - a +0 ring mail (worn)
Jewellery
 k - an amulet of faith
Wands
 g - a wand of roots (8)
 n - a wand of charming (4)
Scrolls
 h - 2 scrolls of teleportation
 q - a scroll of poison {unknown}
 r - a scroll of fog {unknown}
 t - a scroll of noise {unknown}
 v - a scroll of enchant armour {unknown}
 y - a scroll of magic mapping {unknown}
Potions
 l - a potion of might
 m - 2 potions of invisibility
 s - a potion of mutation
 u - a potion of lignification
 w - a potion of brilliance
 x - 2 potions of resistance


   Skills:
 - Level 4.0 Fighting
 + Level 7.3 Short Blades
 - Level 1.7 Throwing
 - Level 3.0 Dodging
 + Level 0.0 Unarmed Combat


You had 6 spell levels left.
You didn't know any spells.
Your spell library contained the following spells:

 Spells                   Type           Power      Damage    Failure   Level
 Foxfire                  Conj/Fire      0%         2x1d4     63%         1
 Conjure Flame            Conj/Fire      0%         6-21      94%         3
 Inner Flame              Hex/Fire       0%         N/A       94%         3
 Flame Wave               Conj/Fire      0%         2d4       100%        4


Dungeon Overview and Level Annotations

Branches:
Dungeon (4/15)
 Temple: D:4-7

Altars:
Dithmenos
Ru
Sif Muna
Xom

Annotations:
D:4 Dowan, Duvessa, Sigmund


Innate Abilities, Weirdness & Mutations

You are partially covered in large bone plates. (SH +4)
You sometimes gain a little power by taking damage.
Your touch may inflict minor irresistible damage on your foes.
You sometimes lose your temper in combat.
Your flesh is cold resistant. (rC+)
Your system is resistant to poisons. (rPois)
You expend magic power (3 MP) to strengthen your wands.


Message History

You hit Duvessa but do no damage.
Duvessa is lightly wounded.
Duvessa hits you with a +2 short sword of protection!
Throw: 3 throwing nets
Press: ? - help, Shift-Dir - straight line, f - Duvessa
Aim: Duvessa, wielding a +2 short sword of protection and wearing a +1 leather armour of cold resistance (lightly wounded, fast, 65% to hit)
You throw a throwing net. The throwing net hits Duvessa.
Duvessa is caught in the net!
Duvessa is lightly wounded.
Duvessa struggles against the net.
You hit Duvessa. You burn Duvessa.
You touch Duvessa!
Duvessa is heavily wounded.
Duvessa struggles against the net.
You catch the helpless Duvessa completely off-guard!
You hit Duvessa. You burn Duvessa.
You touch Duvessa!
Duvessa is almost dead.
Duvessa says, "My weaknesses are his strengths!"
Duvessa struggles against the net. x2
You hit Duvessa. You burn Duvessa.
Duvessa is almost dead.
Duvessa struggles against the net.
The net rips apart, and Duvessa comes free!
You closely miss Duvessa. Your touch misses Duvessa.
Duvessa is almost dead.
Duvessa hits you with a +2 short sword of protection!
* * * LOW HITPOINT WARNING * * *
You hit Duvessa but do no damage.
Duvessa is almost dead.
Dowan says, "Magic and the sword, together, will defeat you."
Duvessa hits you with a +2 short sword of protection!
* * * LOW HITPOINT WARNING * * *
It was a potion of flight.
You feel very buoyant.
You fly up into the air.
Duvessa hits you with a +2 short sword of protection.
* * * LOW HITPOINT WARNING * * *
You feel very mighty all of a sudden. Duvessa hits you but does no damage.
Duvessa hits you with a +2 short sword of protection.
You die...

#...........## ##...
#######......##
##.... ##....##..#
##.....
###...#####.##
#...... ##....###
#..## #...>{.
##.......# ##..#
#..... #........##
##.## #)<...
#.........# #..#
##..). ##........#
##@## #....
#..(.....# ##e##
##... ##.......#
#e.######## ...
##......#
###........# ...
#.....## #.........##
.... ##....#
#..........### ....(
##..##
#............>#......
##.#
#.........###.†.# ###
#.........## ##..#


You could see Duvessa (fast) and Dowan.

Vanquished Creatures
  Pikel (D:4)
  An ogre (D:4)
  A scorpion (D:4)
  An iguana (D:4)
  5 adders
  4 dart slugs
  7 orcs
  4 bats
  5 endoplasms
  2 giant cockroaches
  6 goblins
  8 hobgoblins
  3 jackals (D:1)
  4 kobolds
  A quokka (D:2)
  4 ball pythons
  A frilled lizard (D:1)
  5 rats
63 creatures vanquished.

Notes
Turn   | Place    | Note
-------+----------+-------------------------------------------
     0 | D:1      | IdlyInterested the Demonspawn Gladiator began the quest for
                  | the Orb.
     0 | D:1      | Reached XP level 1. HP: 16/16 MP: 1/1
   360 | D:1      | Gained mutation: You sometimes gain a little power by
                  | taking damage. [demonic ancestry]
   360 | D:1      | Reached XP level 2. HP: 22/23 MP: 2/2
   516 | D:1      | Reached skill level 3 in Short Blades
   969 | D:1      | You fall into a shaft and drop 1 floor!
  1196 | D:1      | Reached XP level 3. HP: 26/29 MP: 3/3
  2228 | D:3      | Reached XP level 4. HP: 35/35 MP: 4/4
  2317 | D:3      | Found a shimmering altar of Xom.
  2685 | D:3      | Found a shadowy altar of Dithmenos.
  2692 | D:3      | Found a shimmering blue altar of Sif Muna.
  2917 | D:3      | Found a sacrificial altar of Ru.
  3224 | D:3      | Gained mutation: Your flesh is cold resistant. (rC+)
                  | [potion of mutation]
  3224 | D:3      | Gained mutation: Your system is resistant to poisons.
                  | (rPois) [potion of mutation]
  3224 | D:3      | Gained mutation: You sometimes lose your temper in combat.
                  | [potion of mutation]
  3224 | D:3      | Gained mutation: You expend magic power (3 MP) to
                  | strengthen your wands. [potion of mutation]
  3274 | D:4      | Noticed Sigmund
  3274 | D:4      | Noticed an ogre
  3281 | D:4      | Killed an ogre
  3282 | D:4      | Reached skill level 4 in Short Blades
  3282 | D:4      | Gained mutation: You are partially covered in large bone
                  | plates. (SH +4) [demonic ancestry]
  3282 | D:4      | Reached XP level 5. HP: 12/42 MP: 5/5
  3635 | D:4      | Reached skill level 5 in Short Blades
  3862 | D:4      | Reached XP level 6. HP: 32/48 MP: 6/6
  3974 | D:4      | Noticed Pikel
  3991 | D:4      | Killed Pikel
  3992 | D:4      | Reached skill level 7 in Short Blades
  3992 | D:4      | Gained mutation: Your touch may inflict minor irresistible
                  | damage on your foes. [demonic ancestry]
  3992 | D:4      | Reached XP level 7. HP: 48/54 MP: 7/7
  4113 | D:4      | Noticed Duvessa
  4120 | D:4      | Noticed Dowan
  4138 | D:4      | HP: 2/54 [Duvessa/+2 short sword of protection (6)]
  4139 | D:4      | Slain by Duvessa

Illustrated notes

Levels and vault maps discovered:
D:1:      lemuel_arrival_lava_pool, layout_basic, minmay_misc_feat_diagonals,
          fountainhead, patterned_corridor
D:2:      layout_loops_cross, eino_tiny_chamber, kennysheep_generic_room_13
D:3:      layout_loops_ring, lemuel_tele_altar, nicolae_ru_the_path_less_chosen,
          grunt_dithmenos_smoke, mainiacjoe_overflow_cross_hatched
D:4:      layout_cave_pods, uniq_duvessa, uniq_pikel, uniq_sigmund

Skill      XL: |  1  2  3  4  5  6 |
---------------+-------------------+-----
Short Blades   | 3 4 5 7 |  7.3
Fighting       | 3 4 |  4.0
Dodging        | 3 |  3.0
Throwing       | |  1.7

Action                   |  1- 3 |  4- 6 |  7- 9 || total
-------------------------+-------+-------+-------++-------
Melee: Rapier            |    44 |       |       ||    44
       Short sword       |    42 |   129 |    13 ||   184
       Punch             |     1 |     3 |       ||     4
       Touch             |       |       |     3 ||     3
Throw: Dart              |     5 |     2 |       ||     7
       Throwing net      |       |       |     1 ||     1
  Use: Scroll            |     5 |     4 |       ||     9
       Potion            |       |     1 |     2 ||     3
 Stab: Sleeping          |     1 |       |       ||     1
       Held in net/web   |       |       |     1 ||     1
Armor: Leather armour    |    21 |       |       ||    21
       Ring mail         |     5 |    37 |     2 ||    44
Dodge: Dodged            |    55 |    58 |     2 ||   115
Block: Other             |       |    10 |     1 ||    11

Table legend: (Time is in decaauts)
 A = Elapsed time spent in this place.
 B = Non-inter-level travel time spent in this place.
 C = Inter-level travel time spent in this place.
 D = Time resting spent in this place.
 E = Time spent auto-exploring this place.
 F = Levels seen in this place.
 G = Mean time per level.
                   A        B        C        D        E       F      G
               +--------+--------+--------+--------+--------+-----+--------+
         Total |   4151 |   3845 |    306 |    813 |   2299 |   4 | 1037.8 |
       Dungeon |   4151 |   3845 |    306 |    813 |   2299 |   4 | 1037.8 |
               +--------+--------+--------+--------+--------+-----+--------+

Top non-repeatable levels by time:
     D:1: 1392 daAuts
     D:3: 1254 daAuts
     D:2: 865 daAuts
     D:4: 639 daAuts
